AoeStats
← changsel

Arena

510265075Analyzed
2v2 RM · 22h ago on Sep 30, 2026· 45m 20s· 4 players
Game mode
Random Map
Map size
Medium (4 player)
Population
200
Speed
Normal
Resources
Standard
Victory
Conquest
Starting age
Dark Age
Ending age
Imperial Age
RankedLock teamsTeams togetherTeam positionsShared explorationLock speedFull tech treeHidden civsTurbo modeCheats
Victory
Defeat
🇲🇽 Khitans · Mexico
1007
+15
🇲🇽 Wei · Mexico
903
+21
🇨🇳 Turks · China
1016
-19
🇨🇳 Byzantines · China
964
-17
changsel
3:27 Loom
11:02 Feudal Age
11:43 Double-Bit Axe
11:41 Horse Collar
15:19 Gold Mining
16:08 Wheelbarrow
18:40 Castle Age
19:59 Bow Saw
19:51 Heavy Plow
20:28 Gold Shaft Mining
21:26 Town Watch
24:22 Imperial Age
22:29 Stone Mining
29:56 Two-Man Saw
29:31 Padded Archer Armor
32:53 Artillery
32:37 Elite Janissary
36:32 Ballistics
39:03 Murder Holes
41:34 Fletching
42:01 Leather Archer Armor
43:04 Hand Cart
Winston
5:11 Loom
10:36 Feudal Age
18:19 Castle Age
16:14 Horse Collar
16:39 Double-Bit Axe
19:35 Fletching
20:03 Heavy Plow
20:17 Bow Saw
23:45 Wheelbarrow
25:32 Scale Barding Armor
25:51 Hand Cart
31:10 Imperial Age
29:41 Husbandry
30:54 Gold Mining
33:18 Gold Shaft Mining
33:22 Chain Barding Armor
33:10 Pikeman
33:16 Heavy Camel Rider
34:57 Conscription
34:10 Capped Ram
35:25 Forging
35:07 Siege Ram
37:25 Plate Barding Armor
36:26 Halberdier
38:17 Iron Casting
38:17 Scale Mail Armor
40:25 Chain Mail Armor
41:45 Plate Mail Armor
41:46 Bodkin Arrow
42:05 Fortified Wall
43:28 Chemistry
43:04 Bracer
44:49 Gambesons
45:08 Squires
JulianSonrix
3:31 Loom
11:02 Feudal Age
11:33 Double-Bit Axe
13:17 Gold Mining
13:16 Horse Collar
18:10 Castle Age
16:42 Stone Mining
19:18 Bow Saw
19:52 Gold Shaft Mining
19:57 Stone Shaft Mining
24:16 Wheelbarrow
23:46 Heavy Plow
25:31 Tuntian
27:10 Scale Barding Armor
27:25 Husbandry
28:28 Chain Barding Armor
32:07 Imperial Age
31:14 Bloodlines
34:52 Elite Tiger Cavalry
37:25 Hand Cart
37:59 Crop Rotation
38:04 Ming Guang Armor
42:52 Chemistry
44:05 Ballistics
Solod
10:44 Feudal Age
15:26 Castle Age
13:45 Double-Bit Axe
16:00 Light Cavalry
18:31 Forging
18:40 Loom
20:44 Town Watch
21:37 Wheelbarrow
23:27 Bow Saw
24:26 Hand Cart
24:08 Gold Mining
25:25 Husbandry
25:32 Scale Barding Armor
26:55 Iron Casting
28:23 Stone Mining
29:31 Domestication
30:35 Chain Barding Armor
34:43 Imperial Age
32:57 Ballistics
32:45 Fletching
33:49 Stone Shaft Mining
33:16 Treadmill Crane
33:47 Masonry
34:49 Bodkin Arrow
35:10 Pastoralism
35:46 Conscription
35:32 Ordo Cavalry
34:50 Elite Steppe Lancer
34:51 Hussar
38:28 Chemistry
39:37 Two-Man Saw
41:26 Transhumance
41:24 Bracer
43:33 Siege Engineers
Connection lost

Rejoining the realm…

Still unreachable

The connection could not be restored.

Session expired

The server has moved on; the page needs a fresh start.